 Dungeon Crawl Stone Soup version 0.28-a0-861-ge64d6db94f (webtiles) character file.

Game seed: 13592823959942404720

3288 ytrimaz the Cleaver (level 10, -8/77 HPs)
             Began as a Formicid Fighter on Nov 15, 2021.
             Was a Believer of Okawaru.
             Mangled by an orc knight (12 damage)
             ... in a bailey.
             The game lasted 00:10:47 (9487 turns).

ytrimaz the Cleaver (Formicid Fighter)              Turns: 9487, Time: 00:10:47

Health: -8/77      AC:  8    Str: 24    XL:     10   Next: 20%
Magic:  13/13      EV: 30    Int:  8    God:    Okawaru [**....]
Gold:   1267       SH:  7    Dex: 16    Spells: 9/9 levels left

rFire   . . .      SeeInvis +   a - +1 war axe (elec)
rCold   . . .      Faith    .   c - +1 buckler
rNeg    . . .      Spirit   .   r - +1 steam dragon scales
rPois   +          Reflect  .   (helmet unavailable)
rElec   .          Harm     .   (no cloak)
rCorr   .          Rampage  .   (no gloves)
Will    +....                   (no boots)
Stlth   +++.......              h - amulet of the acrobat
HPRegen 0.22/turn               o - +6 ring of dexterity
MPRegen 0.13/turn               n - ring of poison resistance

@: mighty, heroic, acrobatic
A: permanent stasis, dig shafts and tunnels, antennae 3, four strong arms
a: Dig, Renounce Religion, Heroism


You were in a bailey.
You worshipped Okawaru.
Okawaru was pleased with you.
You visited 2 branches of the dungeon, and saw 9 of its levels.
You also visited: Sewer and Bailey.

You collected 1267 gold pieces.

Inventory:

Hand Weapons
 a - a +1 war axe of electrocution (weapon)
 z - a +0 battleaxe
 A - the +3 halberd "Killer Klown's Peril" {flame, Will- Int+4 Dex+3}
   (You found it on level 8 of the Dungeon)

   It burns those it strikes, dealing additional fire damage.
   Big, fiery blades are also staple armaments of hydra-hunters.
   Int:       It affects your intelligence (+4).
   Dex:       It affects your dexterity (+3).
   Will:      It decreases your willpower.
Missiles
 k - 5 silver javelins
 w - 35 poisoned darts (quivered)
 C - 4 curare-tipped darts
Armour
 b - a +0 plate armour
 c - a +1 buckler (worn)
 r - +1 steam dragon scales (worn)
Jewellery
 e - a ring of positive energy
 h - an amulet of the acrobat (around neck)
 n - a ring of poison resistance (right hand)
 o - a +6 ring of dexterity (left hand)
Wands
 j - a wand of flame (40)
 t - a wand of digging (3)
 v - a wand of mindburst (5)
 x - a wand of iceblast (17)
 y - a wand of paralysis (7)
Scrolls
 f - 3 scrolls of enchant weapon
 i - 3 scrolls of silence
 p - a scroll of magic mapping
 s - a scroll of amnesia
 u - 2 scrolls of fog
 B - a scroll of torment
Potions
 d - a potion of might
 g - a potion of curing
 l - 3 potions of flight
 q - a potion of lignification


   Skills:
 + Level 6.7(11.7) Fighting
 + Level 9.1(14.1) Axes
 * Level 6.1(11.1) Throwing
 + Level 6.6(11.6) Armour
 - Level 1.0(6.0) Dodging
 - Level 3.6(8.6) Shields
 * Level 4.1 Invocations


You had 9 spell levels left.
You didn't know any spells.
Your spell library contained the following spells:

 Spells                   Type           Power      Damage    Failure   Level
 Shock                    Conj/Air       0%         1d3       41%         1
 Airstrike                Air            0%         N/A       99%         4
 Hailstorm                Conj/Ice       0%         3d3       99%         4
 Ice Form                 Ice/Tmut       0%         N/A       99%         4
 Swiftness                Air            Unusable   N/A       N/A         3
 Simulacrum               Ice/Necr       Unusable   N/A       N/A         6

Dungeon Overview and Level Annotations

Branches:
Dungeon (8/15)             Temple (1/1) D:5           Sewer (visited)
 Bailey (1/1)
   Lair: D:8-11

Altars:
Ashenzari
Cheibriados
Elyvilon
Fedhas
Gozag
Hepliaklqana
Kikubaaqudgha
Makhleb
Okawaru
Qazlal
Sif Muna
Trog
Uskayaw
Vehumet
Wu Jian
Xom
Yredelemnul
Zin
The Shining One

Shops:
D:2 *


Innate Abilities, Weirdness & Mutations

You cannot be hasted, slowed, berserked, paralysed or teleported.
You can dig through walls and to a lower floor.
You have a pair of large antennae on your head. (SInv)
Your four strong arms can wield two-handed weapons with a shield.


Message History

You slash the orc warrior! You slash the orc knight!
The orc warrior misses you.
Your base Throwing skill increases to level 6!
You closely miss the orc knight.
The orc knight is lightly wounded.
You closely miss the orc warrior. You block the orc warrior's attack.
The orc knight closely misses you. The orc warrior misses you.
You barely miss the orc knight.
The orc knight is lightly wounded.
You slash the orc warrior! The orc warrior misses you.
The orc knight hits you with a +0 glaive!
You block the orc warrior's attack.
You slice the orc knight!!
The orc knight is heavily wounded.
You slash the orc warrior! The orc warrior barely misses you.
The orc knight hits you with a +0 glaive!!
The orc warrior closely misses you.
Unknown command.
You barely miss the orc knight.
The orc knight is heavily wounded.
You hit the orc warrior. The orc warrior misses you.
You block the orc knight's attack.
You hit the orc knight.
The orc knight is heavily wounded.
You closely miss the orc warrior.
The orc warrior hits you from afar with a +0 glaive!
Unknown command.
You hit the orc knight but do no damage.
Lightning courses through the orc knight!
The orc knight is severely wounded.
You closely miss the orc warrior.
The orc warrior hits you with a +0 glaive!
* * * LOW HITPOINT WARNING * * *
The orc knight hits you with a +0 glaive!
* * * LOW HITPOINT WARNING * * *
You block the orc warrior's attack.
Unknown command.
The orc warrior misses you.
The orc knight hits you from afar with a +0 glaive!
You die...

...≈≈≈≈≈....#########....≈≈≈≈≈...
...........##.......##...........
..........##..#'#'#..##..........
......)...#..##)#)##..#...)......
.........##.#########.##.........
.........##.')#:o?#)'.##.).......
.........##.###o_o###.##.........
.......).##.')#...#)'.##.........
.........##.####@####.##....)....
......)..##..##∩)∩##..#..........
.............##'''#..##..........
.............##.....##...........
...≈≈≈≈≈.....##....##....≈≈≈≈≈...
..≈≈#.#.≈....#######...)≈.#.#≈≈..
..≈##.∩#≈...............≈#∩.##≈..
..≈ .^..≈...............≈..^..≈..
.. ##.##≈...............≈##.##≈..


You could see an orc knight and 2 orc warriors.

Vanquished Creatures
  A hornet (D:7)
  Eustachio (D:5)
  The ghost of MeowMasterZ the Magician, an amateur DjIE (D:3)
  3 steam dragons
  A water moccasin (D:5)
  5 orc warriors
  A sky beast (D:6)
  3 ice beasts
  2 ogres
  A phantom (D:4)
  2 bullfrogs
  A water moccasin zombie (D:5)
  3 wights (D:6)
  A bullfrog zombie (D:5)
  5 orc priests
  5 hounds (D:6)
  A gnoll shaman (D:4)
  5 iguanas
  6 orc wizards
  Terence (D:2)
  3 howler monkey zombies
  7 gnolls
  5 adders
  A shadow imp (D:6)
  An ufetubus (D:4)
  An adder zombie (D:5)
  7 worms
  2 dart slugs
  30 orcs
  6 ball pythons
  6 endoplasms
  7 giant cockroaches
  2 goblins
  2 hobgoblins
  7 jackals
  8 quokkas
  7 bats
  3 frilled lizards
  3 kobolds
  3 rats (D:2)
160 creatures vanquished.

Vanquished Creatures (others)
  2 orcs (D:7)
2 creatures vanquished.

Grand Total: 162 creatures vanquished

Notes
Turn   | Place    | Note
-------+----------+-------------------------------------------
     0 | D:1      | ytrimaz the Formicid Fighter began the quest for the Orb.
     0 | D:1      | Reached XP level 1. HP: 18/18 MP: 1/1
   220 | D:1      | You fall into a shaft and drop 1 floor!
   227 | D:2      | Reached XP level 2. HP: 24/24 MP: 2/2
   346 | D:2      | Found Teclih's General Store.
   541 | D:2      | Noticed Terence
   549 | D:2      | Killed Terence
   550 | D:2      | Reached XP level 3. HP: 10/30 MP: 3/3
   974 | D:3      | Reached skill level 1 in Dodging
  1061 | D:3      | Reached skill level 3 in Axes
  1061 | D:3      | Reached XP level 4. HP: 37/37 MP: 4/4
  1160 | D:3      | Noticed MeowMasterZ's ghost (amateur DjIE)
  1161 | D:3      | Found a runed translucent door.
  1374 | D:3      | Found a glowing drain.
  1397 | Sewer    | Entered a sewer
  1700 | Sewer    | Reached XP level 5. HP: 41/42 MP: 5/5
  2725 | D:3      | Killed MeowMasterZ's ghost
  2726 | D:3      | Reached skill level 4 in Axes
  2726 | D:3      | Reached skill level 1 in Throwing
  2726 | D:3      | Reached XP level 6. HP: 42/48 MP: 6/6
  2844 | D:4      | You fall into a shaft and drop 1 floor!
  2844 | D:5      | Entered Level 5 of the Dungeon
  3032 | D:5      | Noticed Eustachio
  3048 | D:5      | Reached XP level 7. HP: 36/55 MP: 7/7
  3052 | D:5      | Killed Eustachio
  3053 | D:5      | Reached skill level 5 in Axes
  3550 | D:4      | Found a shimmering altar of Xom.
  3551 | D:4      | Found a shimmering altar of Xom.
  3551 | D:4      | Found a shimmering altar of Xom.
  3551 | D:4      | Found a shimmering altar of Xom.
  3552 | D:4      | Found a shimmering altar of Xom.
  3552 | D:4      | Found a shimmering altar of Xom.
  3588 | D:4      | Reached skill level 5 in Armour
  3987 | D:4      | Reached XP level 8. HP: 58/61 MP: 8/8
  4056 | D:4      | Reached skill level 6 in Axes
  4064 | D:4      | Reached skill level 5 in Fighting
  4203 | D:4      | Found an ornate altar of the Wu Jian Council.
  4605 | D:5      | Found a staircase to the Ecumenical Temple.
  4635 | Temple   | Entered the Ecumenical Temple
  4885 | Temple   | Became a worshipper of Warmaster Okawaru
  5202 | D:5      | Found a broken altar of Ashenzari.
  5453 | D:5      | Identified a scroll of acquirement
  5453 | D:5      | Acquired 892 gold pieces
  5485 | D:5      | Reached skill level 7 in Axes
  5600 | D:5      | Reached * piety under Okawaru
  5601 | D:5      | Reached XP level 9. HP: 46/68 MP: 9/9
  6310 | D:6      | Reached skill level 1 in Invocations
  7167 | D:7      | Noticed a hornet
  7183 | D:7      | Killed a hornet
  7184 | D:7      | Reached skill level 8 in Axes
  7503 | D:7      | Found a white marble altar of Elyvilon.
  8148 | D:7      | Reached ** piety under Okawaru
  8149 | D:7      | Reached skill level 5 in Throwing
  8163 | D:7      | Reached XP level 10. HP: 54/77 MP: 12/12
  8432 | D:8      | Found a hazy altar of Hepliaklqana.
  8464 | D:8      | Found a flagged portal.
  8472 | D:8      | Identified the +3 halberd "Killer Klown's Peril" {flame,
                  | Will- Int+4 Dex+3}
  8481 | Bailey   | Entered a bailey
  9016 | Bailey   | Reached skill level 9 in Axes
  9477 | Bailey   | Noticed an orc knight
  9487 | Bailey   | Mangled by an orc knight

Illustrated notes

Levels and vault maps discovered:
D:1:      tarquinn_simple_flora_water_f, layout_basic,
          dilly_ecumenical_altar_fadedgnrine, dk_noncrumbling_2,
          nicolae_figureground_sparkle
D:2:      layout_rooms, serial_shops, shop, uniq_terence
D:3:      layout_loops_ring, gup_sewer_entry_pipe,
          hellmonk_ghost_happy_afterlife
D:4:      layout_loops_ring, xom_redecorated, mainiacjoe_overflow_alcove_4
D:5:      layout_basic, nicolae_ashenzari_panopticon,
          minmay_temple_entry_stoned_glass, wad_floor_pattern_2,
          kennysheep_generic_room_13, uniq_eustachio
D:6:      layout_loops_ring, fountainhead
D:7:      layout_basic, elyvilon_altar_1
D:8:      layout_cave_pools, mainiacjoe_overflow_catch_the_wave, serial_shops,
          nicolae_shop_hallway_plus, enter_bailey_2, nicolae_transmutations_shop
Temple:   minmay_temple_curvy_branch
Bailey:   bailey_polearm_2, bailey

Skill      XL: |  1  2  3  4  5  6  7  8  9 10 |
---------------+-------------------------------+-----
Dodging        | 1 |  1.0
Axes           | 3 4 5 7 8 9 |  9.1
Armour         | 4 5 6 |  6.6
Fighting       | 4 5 6 |  6.7
Throwing       | 1 2 3 4 5 6 |  6.1
Invocations    | 3 4 |  4.1
Shields        | |  3.6

Action                   |  1- 3 |  4- 6 |  7- 9 | 10-12 || total
-------------------------+-------+-------+-------+-------++-------
Melee: War axe           |    51 |   160 |   187 |    33 ||   431
Throw: Javelin           |       |       |     1 |       ||     1
       Dart              |       |       |       |    61 ||    61
Invok: Heroism           |       |       |     3 |     3 ||     6
 Abil: Dig               |       |     3 |       |       ||     3
  Use: Scroll            |     1 |     8 |     3 |     4 ||    16
       Potion            |       |     1 |       |     4 ||     5
 Stab: Sleeping          |       |       |       |     2 ||     2
Armor: Scale mail        |    17 |    94 |    25 |       ||   136
       Steam dragon scal |       |       |    15 |     9 ||    24
       Skin              |       |       |       |     1 ||     1
Dodge: Dodged            |    22 |   163 |   100 |    80 ||   365
Block: Buckler           |    11 |    45 |    40 |    25 ||   121

Table legend: (Time is in decaauts)
 A = Elapsed time spent in this place.
 B = Non-inter-level travel time spent in this place.
 C = Inter-level travel time spent in this place.
 D = Time resting spent in this place.
 E = Time spent auto-exploring this place.
 F = Levels seen in this place.
 G = Mean time per level.
                   A        B        C        D        E       F      G
               +--------+--------+--------+--------+--------+-----+--------+
         Total |   9732 |   9565 |    167 |   1322 |   6424 |  11 |  884.7 |
       Dungeon |   7437 |   7270 |    167 |   1016 |   5106 |   8 |  929.6 |
        Temple |    258 |    258 |      0 |      0 |    246 |   1 |  258.0 |
         Sewer |   1049 |   1049 |      0 |      0 |    719 |   1 | 1049.0 |
        Bailey |    987 |    987 |      0 |    306 |    353 |   1 |  987.0 |
               +--------+--------+--------+--------+--------+-----+--------+

Top non-repeatable levels by time:
     D:5: 1893 daAuts
     D:7: 1335 daAuts
     D:4: 1123 daAuts
     D:3: 1057 daAuts
   Sewer: 1049 daAuts
     D:6: 1006 daAuts
  Bailey: 987 daAuts
     D:2: 682 daAuts
  Temple: 258 daAuts
     D:1: 224 daAuts
     D:8: 112 daAuts
